 Dungeon Crawl Stone Soup version 0.28.0-45-g0d030f2227 (webtiles) character file.

Game seed: 14897942168619213691

67 Icepheonix32 the Chiller (level 4, -6/32 HPs)
             Began as a Demonspawn Ice Elementalist on Apr 11, 2022.
             Mangled by Terence
             ... wielding a +5 hand axe of freezing
              (7 damage)
             ... on level 3 of the Dungeon.
             The game lasted 00:03:34 (2151 turns).

Icepheonix32 the Chiller (DsIE)                     Turns: 2151, Time: 00:03:35

Health: -6/32      AC:  4    Str: 10    XL:     4   Next: 0%
Magic:  0/7        EV: 12    Int: 16    God:
Gold:   116        SH:  0    Dex: 14    Spells: 6/7 levels left

rFire   . . .      SeeInvis .   h - +2 dagger (venom)
rCold   . . .      Faith    .   (no shield)
rNeg    . . .      Spirit   .   a - +0 robe
rPois   .          Reflect  .   i - +0 helmet
rElec   .          Harm     .   f - +0 cloak
rCorr   .          Rampage  .   (no gloves)
Will    .....                   (no boots)
Stlth   ++........              (no amulet)
HPRegen 0.10/turn               (no ring)
MPRegen 0.10/turn               (no ring)

@: no status effects
A: claws 1, powered by pain 2
a: no special abilities


You were on level 3 of the Dungeon.
You visited 1 branch of the dungeon, and saw 3 of its levels.

You collected 116 gold pieces.

Inventory:

Hand Weapons
 b - a +0 dagger
 d - a +0 spear
 e - a +0 short sword
 h - a +2 dagger of venom (weapon)
Missiles
 j - 5 boomerangs
Armour
 a - a +0 robe (worn)
 c - a +0 ring mail
 f - a +0 cloak (worn)
 i - a +0 helmet (worn)
Scrolls
 g - a scroll of noise {unknown}


   Skills:
 * Level 1.1 Fighting
 + Level 0.7 Short Blades
 * Level 1.2 Armour
 + Level 1.9 Dodging
 + Level 2.0 Stealth
 - Level 2.1 Spellcasting
 + Level 4.2 Ice Magic


You had 6 spell levels left.
You knew the following spells:

 Your Spells              Type           Power      Damage    Failure   Level
a - Freeze                Ice            60%        1d8       3%          1

Your spell library contained the following spells:

 Spells                   Type           Power      Damage    Failure   Level
 Frozen Ramparts          Ice            30%        1d5       11%         3
 Ozocubu's Armour         Ice            15%        N/A       11%         3
 Hailstorm                Conj/Ice       8%         3d4       65%         4


Dungeon Overview and Level Annotations

Branches:
Dungeon (3/15)

Altars:

Annotations:
D:3 Terence


Innate Abilities, Weirdness & Mutations

You have sharp fingernails.
You sometimes gain power by taking damage.


Message History

Press: ? - help, Shift-Dir - straight line, f/p - Terence
Aim: Terence, wielding a +5 hand axe of freezing and wearing a +0 scale mail (heavily wounded)
You freeze Terence.
Terence is severely wounded.
Terence drinks a potion.
Terence is healed!
Casting: Freeze (safe; 3% risk of failure)
Confirm with . or Enter, or press ? or * to list all spells.
Aiming: Freeze (safe; 3% risk of failure)
Press: ? - help, Shift-Dir - straight line, f/p - Terence
Aim: Terence, wielding a +5 hand axe of freezing and wearing a +0 scale mail You freeze Terence!
Terence is heavily wounded.
Terence hits you with a +5 hand axe of freezing.
* * * LOW HITPOINT WARNING * * *
Terence freezes you.
* * * LOW HITPOINT WARNING * * *
Casting: Freeze (safe; 3% risk of failure)
Confirm with . or Enter, or press ? or * to list all spells.
Aiming: Freeze (safe; 3% risk of failure)
Press: ? - help, Shift-Dir - straight line, f/p - Terence
Aim: Terence, wielding a +5 hand axe of freezing and wearing a +0 scale mail (heavily wounded)
You freeze Terence.
Terence is heavily wounded.
Terence closely misses you.
You aren't carrying any potions.
Casting: Freeze (safe; 3% risk of failure)
Confirm with . or Enter, or press ? or * to list all spells.
Aiming: Freeze (safe; 3% risk of failure)
Press: ? - help, Shift-Dir - straight line, f/p - Terence
Aim: Terence, wielding a +5 hand axe of freezing and wearing a +0 scale mail (heavily wounded)
You freeze Terence.
Terence is severely wounded.
Terence hits you with a +5 hand axe of freezing.
* * * LOW HITPOINT WARNING * * *
Terence freezes you.
* * * LOW HITPOINT WARNING * * *
You hit Terence.
Terence is poisoned.
Terence is almost dead.
Terence hits you with a +5 hand axe of freezing!
You die...

#########
#.........######
#.#............#
######.#............#
#...................#
#...................#
#..................(#
#.....<.......@..)..##
#.$...........@.......
#...................#.
#...................#
#...................#
#............†......#
########.##########.#
#.. .# ### #


You could see Terence (poisoned).

Vanquished Creatures
  3 gnolls (D:2)
  An adder (D:3)
  A worm (D:2)
  A dart slug (D:1)
  4 endoplasms
  3 goblins
  2 hobgoblins (D:1)
  3 kobolds
  2 ball pythons (D:1)
  3 bats
  2 frilled lizards (D:1)
  2 rats (D:1)
27 creatures vanquished.

Notes
Turn   | Place    | Note
-------+----------+-------------------------------------------
     0 | D:1      | Icepheonix32 the Demonspawn Ice Elementalist began the
                  | quest for the Orb.
     0 | D:1      | Reached XP level 1. HP: 13/13 MP: 3/3
   471 | D:1      | Gained mutation: You sometimes gain a little power by
                  | taking damage. [demonic ancestry]
   471 | D:1      | Reached XP level 2. HP: 17/19 MP: 1/5
   717 | D:1      | Found a faded altar of an unknown god.
  1138 | D:1      | You fall into a shaft and drop 1 floor!
  1213 | D:2      | Reached skill level 4 in Ice Magic
  1521 | D:2      | Gained mutation: You sometimes gain power by taking damage.
                  | [demonic ancestry]
  1521 | D:2      | Reached XP level 3. HP: 25/25 MP: 2/6
  1527 | D:2      | Reached skill level 1 in Armour
  1530 | D:2      | Reached skill level 1 in Fighting
  2132 | D:3      | Noticed Terence
  2140 | D:3      | Discovered your monstrous ancestry.
  2140 | D:3      | Gained mutation: You have sharp fingernails. [demonic
                  | ancestry]
  2140 | D:3      | Reached XP level 4. HP: 32/32 MP: 7/7
  2150 | D:3      | HP: 1/32 [Terence/+5 hand axe of freezing (2)]
  2151 | D:3      | Mangled by Terence

Illustrated notes

Levels and vault maps discovered:
D:1:      psy_arrival_fountain, layout_rooms,
          ebering_ecumenical_altar_petrified, grunt_decor_one_mirror,
          minmay_misc_feat_diagonals
D:2:      layout_basic
D:3:      layout_basic, mainiacjoe_overflow_surrounded_room,
          mainiacjoe_overflow_tiny_flanked, uniq_terence

Skill      XL: |  1  2  3 |
---------------+----------+-----
Ice Magic      | 4 |  4.2
Armour         | 1 |  1.2
Stealth        | 2 |  2.0
Fighting       | 1 |  1.1
Short Blades   | |  0.7
Dodging        | |  1.9
Spellcasting   | |  2.1

Action                   |  1- 3 |  4- 6 || total
-------------------------+-------+-------++-------
Melee: Dagger            |    24 |     1 ||    25
       Short sword       |    14 |       ||    14
       Punch             |     1 |       ||     1
 Cast: Freeze            |    42 |     7 ||    49
  Use: Potion            |     1 |       ||     1
 Stab: Sleeping          |     1 |       ||     1
Armor: Robe              |    13 |       ||    13
Dodge: Dodged            |    45 |     2 ||    47
